AoeStats
← maimadana

Arabia

508926164Analyzed
1v1 RM · 8d ago on Sep 24, 2026· 54m 25s· 2 players
Game mode
Random Map
Map size
Tiny (2 player)
Population
200
Speed
Normal
Resources
Standard
Victory
Conquest
Starting age
Dark Age
Ending age
Imperial Age
RankedLock teamsTeams togetherTeam positionsShared explorationLock speedFull tech treeHidden civsTurbo modeCheats
Victory
Defeat
🇪🇸 Persians · Spain
710
+20
🇨🇿 Magyars · Czechia
795
-48
alb_236
11:02 Feudal Age
9:19 Loom
13:39 Double-Bit Axe
13:42 Horse Collar
27:04 Castle Age
25:41 Gold Mining
25:43 Stone Mining
27:23 Light Cavalry
28:14 Bloodlines
28:04 Husbandry
27:28 Pikeman
28:08 Squires
27:54 Gambesons
27:57 Arson
28:17 Padded Archer Armor
29:30 Leather Archer Armor
29:08 Fletching
29:20 Scale Mail Armor
29:35 Heavy Plow
30:30 Bow Saw
31:30 Thumb Ring
34:10 Chain Mail Armor
34:39 Gold Shaft Mining
34:58 Stone Shaft Mining
35:22 Bodkin Arrow
35:38 Forging
37:00 Crossbowman
41:43 Imperial Age
39:50 Wheelbarrow
39:02 Town Watch
39:58 Town Patrol
40:38 Iron Casting
40:10 Scale Barding Armor
43:01 Chemistry
42:07 Kamandaran
42:54 Crop Rotation
43:27 Two-Man Saw
43:51 Ring Archer Armor
43:29 Murder Holes
44:04 Cavalier
45:11 Conscription
45:46 Halberdier
47:04 Savar
49:23 Ballistics
49:25 Masonry
50:09 Chain Barding Armor
50:49 Blast Furnace
50:23 Citadels
50:52 Hoardings
maimadana
5:27 Loom
10:40 Feudal Age
11:10 Double-Bit Axe
15:00 Horse Collar
21:14 Gold Mining
23:49 Castle Age
25:55 Husbandry
27:11 Scale Barding Armor
27:09 Padded Archer Armor
27:36 Bow Saw
29:16 Fletching
30:22 Light Cavalry
32:16 Bloodlines
33:02 Crossbowman
39:59 Bodkin Arrow
40:20 Leather Archer Armor
40:52 Heavy Plow
41:50 Thumb Ring
45:14 Imperial Age
46:05 Chain Barding Armor
46:29 Bracer
48:56 Gold Shaft Mining
50:32 Plate Barding Armor
50:43 Arbalester
51:27 Cavalier
Connection lost

Rejoining the realm…

Still unreachable

The connection could not be restored.

Session expired

The server has moved on; the page needs a fresh start.